 Dungeon Crawl Stone Soup version 0.19.0-2-gae57169 (webtiles) character file.

180668 Gargoyl the Peltast (level 17, -3/139 HPs)
             Began as a Demonspawn Abyssal Knight on Nov 5, 2016.
             Was the Champion of Lugonu.
             Killed from afar by a deep elf high priest (35 damage)
             ... with damnation
             ... on level 3 of the Elven Halls on Nov 7, 2016.
             The game lasted 01:28:54 (43126 turns).

Gargoyl the Peltast (Demonspawn Abyssal Knight)    Turns: 43126, Time: 01:28:55

Health: -3/139     AC: 24    Str: 21 (22) XL:     17   Next: 65%
Magic:  22/22      EV:  9    Int: 17 (18) God:    Lugonu [******]
Gold:   1797       SH: 17    Dex: 21      Spells: 0 memorised, 16 levels left

rFire  + . .     SeeInvis .     w - +5 hand axe of Righteous Anger {protect, rElec rPois Int+3}
rCold  + . .     Gourm    .     m - +4 plate armour {rN+}
rNeg   + . .     Faith    .     N - +3 buckler "Iplux" {rF+ rC+ rCorr}
rPois  +         Spirit   .     (helmet unavailable)
rElec  +         Reflect  +     u - +2 cloak
rCorr  +         Harm     .     d - +1 pair of gloves
MR     ++...                    B - +1 pair of boots
Stlth  ..........               S - +5 amulet of reflection
                                p - +4 ring of strength
                                r - ring of protection from magic

@: drained
A: horns 3, thin skeletal structure 3, agile 1, deformed body, deterioration 1,
foul stench 1, spiny 3, rot immunity
a: Depart the Abyss, Bend Space, Banish, Corrupt, Enter the Abyss, Brand Weapon
With Distortion, Renounce Religion


You were on level 3 of the Elven Halls.
You worshipped Lugonu.
Lugonu was exalted by your worship.
You were hungry.

You visited 5 branches of the dungeon, and saw 26 of its levels.
You visited the Abyss 1 time.
You also visited: Labyrinth, Bailey and Ice Cave.

You collected 2855 gold pieces.
You spent 1058 gold pieces at shops.

Inventory:

Hand Weapons
 w - the +5 hand axe of Righteous Anger (weapon) {protect, rElec rPois Int+3}
   (You found it on level 4 of the Dungeon)

   It protects the one who uses it against injury (+AC on strike).
   It affects your intelligence (+3).
   It insulates you from electricity.
   It protects you from poison.
 x - a +2 war axe of electrocution
 C - a +2 broad axe of chopping
 E - a +3 broad axe
 L - a +3 war axe of flaming
Missiles
 Y - 4 steel javelins (quivered)
Armour
 d - a +1 pair of gloves (worn)
 m - a +4 plate armour of positive energy (worn)
 u - a +2 cloak (worn)
 B - a +1 pair of boots (worn)
 N - the +3 buckler "Iplux" (worn) {rF+ rC+ rCorr}
   (You found it on level 3 of the Lair of Beasts)

   It protects you from fire.
   It protects you from cold.
   It protects you from acid and corrosion.
Jewellery
 p - a +4 ring of strength (right hand)
 r - a ring of protection from magic (left hand)
 J - an uncursed ring of resist corrosion
 S - a +5 amulet of reflection (around neck)
Wands
 W - a wand of digging (15/24)
Scrolls
 a - 2 scrolls of fog
 e - a scroll of blinking
 f - 9 scrolls of magic mapping
 h - a scroll of teleportation
 o - 3 scrolls of recharging
 q - 9 scrolls of remove curse
 t - 7 scrolls of identify
 A - 3 scrolls of fear
Potions
 g - a potion of heal wounds
 i - 3 potions of curing
 l - 2 potions of magic
 n - 3 potions of flight
 s - 6 potions of brilliance
 H - a potion of resistance
 I - 2 potions of cancellation
Comestibles
 b - 7 meat rations
 c - 4 bread rations
 k - 5 beef jerkies
 D - 7 fruits
 F - a slice of pizza
 O - 3 royal jellies


   Skills:
 + Level 14.2(13.8) Fighting
 + Level 15.8(15.4) Axes
 + Level 0.1(0.0) Throwing
 + Level 13.9(13.6) Armour
 + Level 3.8(3.6) Dodging
 + Level 3.8(3.5) Stealth
 + Level 16.4(16.1) Shields
 + Level 7.6(7.3) Invocations
 + Level 1.0(0.7) Evocations


You had 16 spell levels left.
You didn't know any spells.

Dungeon Overview and Level Annotations

Branches:
Dungeon (14/15)            Temple (0/1) D:7            Lair (6/6) D:9
 Shoals (0/4) Lair:4       Spider (1/4) Lair:4        Slime (0/5) Lair:6
    Orc (2/2) D:12            Elf (3/3) Orc:2        Vaults (0/5) D:13

Altars:
Ashenzari
Cheibriados
Elyvilon
Kikubaaqudgha
Makhleb
Okawaru
Trog
Yredelemnul
Zin
Beogh

Shops:
D:4 =   Orc:2 [(=*   Elf:3 (

Portals:
Trove: D:12 (give 3 potions of resistance)

Annotations:
D:14 exclusion: Roxanne, Roxanne
Abyss:1 Snorg


Innate Abilities, Weirdness & Mutations

You have a pair of large horns on your head.
You have an unnaturally thin skeletal structure. (Dex +6, Stealth++)
You may emit foul miasma when damaged in melee.
You are completely covered in sharp spines.
You are immune to rotting.
You are agile. (Dex +2)
Armour fits poorly on your strangely shaped body.
Your body sometimes deteriorates upon taking damage.


Message History

The earth elemental hits you!
Your body deteriorates!
You feel weakened.
The earth elemental hits you but does no damage.
The earth elemental hits you! You block the earth elemental's attack.
A deep elf archer comes into view. It is wielding a short sword.
You hit the deep elf elementalist. You headbutt the deep elf elementalist!
You kill the deep elf elementalist!
Lugonu accepts your kill.
The earth elemental disappears in a puff of smoke! x9
Unknown command.
The deep elf high priest invokes the aid of its god against you.
The sphere of damnation explodes!
The damnation engulfs you!
* * * LOW HITPOINT WARNING * * *
You hear a shout! x4
You see here a morningstar.
The deep elf high priest is no longer giving off an aura.
There is an open door here.
The deep elf high priest mumbles some strange prayers to its god against you.
The sphere of damnation explodes!
The damnation engulfs you!
You die...

#.# #...# #.# ##...# ##'##
#ยง)..## ....## #.....#
)....## ##..### .<[...##
#####)## .).()..# #.....#
....)..#############.#####
.)(...((........@.'e..#
....(..############...##
.......# #.....# ....?.##
#.....# .....'## ###
####'## ##
....##.#####.### #.# ###.
#######'##.....### #.#
###... ##.........# #.#
###..... #.........#
#.####.......


You could see a deep elf high priest.

Vanquished Creatures
  Rupert (D:13)
  Frances (D:11)
  Gastronok (Lair:3)
  2 deep elf sorcerers (Elf:2)
  2 orc warlords (Orc:2)
  2 deep elf elementalists
  Azrael (Orc:2)
  4 deep elf annihilators
  A minotaur (Lab)
  The ghost of Empty the Destroyer, a journeyman TeFE of Vehumet (D:12)
  3 deep elf death magi
  A fire dragon (Lair:6)
  3 deep elf high priests
  2 peacekeepers (Elf:1)
  3 vault guards (D:13)
  A catoblepas (D:14)
  2 centaur warriors (D:14)
  2 ogre magi
  6 death yaks (Lair:3)
  3 tengu warriors (D:14)
  36 dancing weapons
  2 orc high priests
  21 deep elf knights
  Nergalle (Orc:1)
  2 unseen horrors
  A wizard (D:13)
  An orange crystal statue (Elf:1)
  5 hill giants
  13 deep elf archers
  6 orc knights
  2 necromancers (D:13)
  3 orc sorcerers
  12 ugly things
  A wolf spider (Lair:4)
  75 deep elf magi
  2 manticores
  An oklob plant (Lair:4)
  A cyclops (shapeshifter) (Elf:2)
  2 cyclopes (D:14)
  5 elephants (Lair:5)
  3 black mambas
  A guardian serpent (shapeshifter) (Elf:1)
  A torpor snail (Lair:6)
  3 centaur zombies
  4 gargoyles (D:14)
  5 spiny frogs
  4 kobold demonologists
  9 komodo dragons
  5 rime drakes
  A guardian mummy (D:12)
  A freezing wraith (D:14)
  3 ice devils (Lair:2)
  5 trolls
  A meliai (shapeshifter) (D:13)
  A two-headed ogre (shapeshifter) (Elf:3)
  2 two-headed ogres
  A harpy skeleton (D:14)
  A hornet (D:12)
  10 blink frogs
  2 meliai zombies (D:12)
  3 dream sheep
  10 hippogriffs
  28 yaks
  3 air elementals
  2 vampires
  A wyvern (shapeshifter) (Elf:3)
  2 redbacks (Lair:4)
  3 wyverns
  5 water elementals
  A shadow (D:11)
  7 fire elementals
  9 basilisks
  2 steam dragons
  2 hungry ghosts
  19 humans (D:13)
  4 mottled dragons
  4 vampire mosquitoes (D:14)
  Menkaure (D:4)
  Edmund (D:4)
  5 wargs
  2 soldier ants
  3 hell hounds
  15 water moccasins
  7 porcupines
  2 swamp drakes (Lair:6)
  58 orc warriors
  2 ice beasts
  9 sky beasts
  16 ogres
  2 phantoms (D:14)
  4 black bears
  2 eyes of draining (D:14)
  2 necrophages
  11 wolves
  12 centaurs
  12 crocodiles
  6 big kobolds
  Blork the orc (D:4)
  19 bullfrogs
  8 earth elementals
  3 scorpions
  A scorpion (shapeshifter) (D:14)
  10 killer bees
  8 wights
  12 howler monkeys
  5 electric eels
  4 crimson imps
  3 bullfrog zombies
  12 jellies
  9 hounds
  32 orc wizards
  23 orc priests
  7 bullfrog skeletons
  6 centaur skeletons
  Jessica (D:2)
  9 worker ants
  5 iguanas
  3 hound skeletons
  A hound zombie (D:7)
  14 adders
  A gnoll (D:7)
  4 shadow imps
  2 oozes
  2 adder skeletons
  An adder zombie (D:7)
  2 worms
  2 dart slugs (D:1)
  9 leopard geckos
  83 orcs
  8 bats
  3 giant cockroaches
  18 goblins
  11 hobgoblins
  16 jackals
  3 quokkas
  A ball python skeleton (D:4)
  4 frilled lizards
  A jackal zombie (D:6)
  33 kobolds
  A quokka skeleton (D:6)
  A quokka zombie (D:9)
  9 rats
  2 fungi
  A plant (Lair:6)
988 creatures vanquished.

Vanquished Creatures (others)
  2 hydras (Lair:5)
  A centaur warrior (D:13)
  A deep elf knight (Elf:2)
  An unseen horror (D:14)
  5 deep elf archers
  3 deep elf magi
  2 gargoyles
  A spiny frog (Lair:1)
  A komodo dragon (Lair:6)
  3 orc warriors (Bailey)
  2 centaurs
  2 electric eels (D:14)
  An orc wizard (D:12)
  12 orcs (Bailey)
  7 fungi
  2 plants
46 creatures vanquished.

Grand Total: 1034 creatures vanquished

Notes
Turn   | Place    | Note
-------+----------+-------------------------------------------
     0 | Abyss:1  | Gargoyl the Demonspawn Abyssal Knight began the quest for the Orb.
     0 | Abyss:1  | Reached XP level 1. HP: 18/18 MP: 2/2
     4 | Abyss:2  | Found a corrupted altar of Lugonu.
    83 | Abyss:3  | Noticed a ynoxinul
    87 | Abyss:3  | Got a fine ring mail
    88 | D:1      | Escaped the Abyss
    99 | D:1      | Identified the +3 ring mail of the Country {rCorr Dex+3} (You found it on level 3 of the Abyss)
   163 | D:1      | Reached skill level 1 in Dodging
   232 | D:1      | Reached * piety under Lugonu
   234 | D:1      | Gained mutation: You have a pair of small horns on your head. [demonic ancestry]
   234 | D:1      | Reached XP level 2. HP: 24/24 MP: 3/3
  1144 | D:1      | Gained mutation: You are immune to rotting. [demonic ancestry]
  1144 | D:1      | Reached XP level 3. HP: 28/29 MP: 3/5
  1615 | D:2      | Found a glowing silver altar of Zin.
  1676 | D:2      | Noticed Jessica
  1690 | D:2      | Killed Jessica
  1690 | D:2      | Reached XP level 4. HP: 14/35 MP: 6/6
  2390 | D:3      | Reached ** piety under Lugonu
  2941 | D:3      | Reached XP level 5. HP: 32/41 MP: 7/7
  3298 | D:3      | Found a basalt altar of Yredelemnul.
  3346 | D:3      | Found a white marble altar of Elyvilon.
  3624 | D:4      | Noticed Blork the orc
  3634 | D:4      | Killed Blork the orc
  3807 | D:4      | Gained mutation: You have a somewhat thin skeletal structure. (Dex +2, Stealth) [demonic ancestry]
  3807 | D:4      | Reached XP level 6. HP: 41/48 MP: 8/8
  3809 | D:4      | Got a translucent hand axe
  3820 | D:4      | Identified the +5 hand axe of Righteous Anger {protect, rElec rPois Int+3} (You found it on level 4 of the Dungeon)
  3869 | D:4      | Noticed Menkaure
  3870 | D:4      | Noticed Edmund
  3879 | D:4      | Killed Menkaure
  3901 | D:4      | Killed Edmund
  3901 | D:4      | Gained mutation: You have a moderately thin skeletal structure. (Dex +4, Stealth+) [demonic ancestry]
  3901 | D:4      | Reached XP level 7. HP: 3/54 MP: 9/9
  4020 | D:4      | Reached skill level 5 in Axes
  4325 | D:4      | Found a glowing drain.
  4509 | D:4      | Found Asaykuan's Jewellery Emporium.
  4518 | D:4      | Bought a +2 ring of strength for 97 gold pieces
  4805 | D:5      | Entered Level 5 of the Dungeon
  4864 | D:5      | Reached *** piety under Lugonu
  4931 | D:5      | Found a snail-covered altar of Cheibriados.
  4988 | D:5      | Reached skill level 1 in Evocations
  5599 | D:5      | Gained mutation: You are partially covered in sharp spines. [demonic ancestry]
  5599 | D:5      | Reached XP level 8. HP: 61/61 MP: 10/10
  6065 | D:6      | Reached skill level 5 in Armour
  6067 | D:6      | Reached skill level 5 in Fighting
  6226 | D:6      | Found a burning altar of Makhleb.
  6311 | D:6      | Found a bloodstained altar of Trog.
  6773 | D:7      | Found a staircase to the Ecumenical Temple.
  6867 | D:7      | Reached **** piety under Lugonu
  7030 | D:7      | Gained mutation: You have a pair of horns on your head. [demonic ancestry]
  7030 | D:7      | Reached XP level 9. HP: 67/69 MP: 11/11
  7075 | D:7      | Reached skill level 1 in Stealth
  7165 | D:7      | Noticed an ogre mage
  7166 | D:7      | Noticed a deep elf mage
  7169 | D:7      | Noticed an orc sorcerer
  7172 | D:7      | Killed an ogre mage
  7927 | D:8      | Reached XP level 10. HP: 77/77 MP: 12/12
  8561 | D:9      | Found a staircase to the Lair.
  8569 | D:9      | Reached skill level 10 in Axes
  8775 | D:9      | Found a shattered altar of Ashenzari.
  8867 | D:9      | Found an ancient bone altar of Kikubaaqudgha.
  8877 | D:9      | Noticed a gargoyle
  8902 | D:9      | Banished a gargoyle
  9555 | D:9      | Reached ***** piety under Lugonu
  9603 | D:9      | Reached skill level 1 in Shields
  9914 | D:10     | Entered Level 10 of the Dungeon
 10029 | D:10     | Noticed a gargoyle
 10040 | D:10     | Banished a gargoyle
 10382 | D:10     | Noticed a hill giant
 10392 | D:10     | Killed a hill giant
 10403 | D:10     | Reached XP level 11. HP: 18/86 MP: 13/13
 10826 | D:10     | Reached skill level 2 in Shields
 10993 | D:10     | Noticed a hill giant
 11006 | D:10     | Killed a hill giant
 11295 | D:10     | Noticed a hill giant
 11305 | D:10     | Killed a hill giant
 11939 | Lair:1   | Entered Level 1 of the Lair of Beasts
 12256 | Lair:1   | Reached skill level 3 in Shields
 12555 | Lair:1   | HP: 4/87 [poisoned by a spiny frog]
 13131 | Lair:1   | Reached skill level 4 in Shields
 13712 | Lair:2   | Found a frozen archway.
 13719 | IceCv    | Entered an ice cave
 14557 | Lair:2   | Gained mutation: You are mostly covered in sharp spines. [demonic ancestry]
 14557 | Lair:2   | Reached XP level 12. HP: 53/94 MP: 15/15
 15129 | Lair:3   | Noticed Snorg
 15144 | Lair:2   | Banished Snorg
 15637 | Lair:3   | Noticed a death yak
 15667 | Lair:3   | Killed a death yak
 15667 | Lair:3   | Reached skill level 5 in Shields
 15683 | Lair:3   | Noticed a death yak
 15686 | Lair:3   | Noticed a death yak
 15699 | Lair:3   | Noticed a death yak
 15700 | Lair:3   | Noticed a death yak
 15704 | Lair:3   | Noticed a death yak
 15755 | Lair:4   | Reached skill level 5 in Invocations
 16036 | Lair:3   | Killed a death yak
 16062 | Lair:3   | Killed a death yak
 16082 | Lair:3   | Killed a death yak
 16113 | Lair:3   | Killed a death yak
 16115 | Lair:3   | Killed a death yak
 16115 | Lair:3   | Reached skill level 6 in Shields
 16649 | Lair:3   | Noticed Gastronok
 16677 | Lair:3   | Killed Gastronok
 16677 | Lair:3   | Reached skill level 10 in Armour
 16924 | Lair:3   | Got an encrusted buckler
 16935 | Lair:3   | Identified the +3 buckler "Iplux" {rF+ rC+ rCorr} (You found it on level 3 of the Lair of Beasts)
 17209 | Lair:4   | Found a hole to the Spider Nest.
 17333 | Lair:4   | Found a staircase to the Shoals.
 17342 | Lair:4   | Reached skill level 7 in Shields
 17450 | Lair:4   | Gained mutation: You have a pair of large horns on your head. [demonic ancestry]
 17450 | Lair:4   | Reached XP level 13. HP: 99/101 MP: 16/16
 17809 | Lair:5   | Found a labyrinth entrance.
 17827 | Lab      | Entered a labyrinth
 18251 | Lab      | Noticed a minotaur
 18283 | Lab      | Killed a minotaur
 18317 | Lab      | Identified the Almanac of Protection
 18320 | Lab      | Identified Sif Muna's Almanac of Harmful Enhancements
 19018 | Lair:6   | Entered Level 6 of the Lair of Beasts
 19264 | Lair:5   | Reached skill level 10 in Fighting
 19716 | Lair:6   | Found a staircase to the Slime Pits.
 19970 | Lair:6   | Reached skill level 8 in Shields
 20386 | Lair:6   | Reached ****** piety under Lugonu
 20519 | Lair:6   | Noticed a fire dragon
 20542 | Lair:6   | Killed a fire dragon
 21610 | D:12     | Noticed Empty's ghost (journeyman TeFE)
 21612 | D:12     | Noticed Frances
 21643 | D:11     | Killed Frances
 21920 | D:12     | Killed Empty's ghost
 21920 | D:12     | Reached skill level 9 in Shields
 22099 | D:12     | Gained mutation: You are completely covered in sharp spines. [demonic ancestry]
 22099 | D:12     | Reached XP level 14. HP: 110/111 MP: 18/18
 22244 | D:12     | Found a staircase to the Orcish Mines.
 22527 | D:12     | Found a portal to a secret trove of treasure.
 22541 | D:12     | Gained mutation: You are agile. (Dex +2) [potion of mutation]
 22541 | D:12     | Gained mutation: Armour fits poorly on your strangely shaped body. [potion of mutation]
 22541 | D:12     | Gained mutation: Your body sometimes deteriorates upon taking damage. [potion of mutation]
 23446 | D:13     | Found a gate to the Vaults.
 23844 | D:14     | Found an iron altar of Okawaru.
 23900 | D:14     | Reached skill level 10 in Shields
 24039 | D:14     | Noticed Roxanne
 24454 | D:14     | Found a flagged portal.
 24463 | Bailey   | Entered a bailey
 24723 | Bailey   | Found a roughly hewn altar of Beogh.
 25529 | D:14     | Reached skill level 11 in Shields
 26733 | D:14     | Gained mutation: You may emit foul miasma when damaged in melee. [demonic ancestry]
 26733 | D:14     | Reached XP level 15. HP: 110/120 MP: 19/19
 26783 | D:14     | Noticed Rupert
 26894 | D:13     | Killed Rupert
 26894 | D:13     | Reached skill level 12 in Shields
 27825 | D:14     | HP: 5/120 [Roxanne/iron shot (25)]
 28560 | Orc:1    | Entered Level 1 of the Orcish Mines
 28707 | Orc:2    | Entered Level 2 of the Orcish Mines
 28826 | Orc:1    | Noticed an orc warlord
 29009 | Orc:2    | Killed an orc warlord
 29988 | Orc:2    | Noticed Nergalle
 29990 | Orc:2    | Found a roughly hewn altar of Beogh.
 30069 | Orc:1    | Killed Nergalle
 30149 | Orc:2    | Reached skill level 13 in Shields
 30341 | Orc:2    | Noticed an orc warlord
 30361 | Orc:2    | Killed an orc warlord
 30925 | Orc:2    | Found Izus's Jewellery Shop.
 30941 | Orc:2    | Found Guniesk's Antique Armour Shop.
 30952 | Orc:2    | Found Nakluik's Antique Weapon Shop.
 31126 | Orc:2    | Noticed Azrael
 31155 | Orc:2    | Killed Azrael
 31393 | Orc:2    | Bought a polished hand axe for 200 gold pieces
 31401 | Orc:2    | Identified the +1 hand axe "Leyt" {drain, -Tele Str+6 Dex+5} (You bought it in a shop on level 2 of the Orcish Mines)
 31502 | Orc:2    | Found a staircase to the Elven Halls.
 31634 | Orc:2    | Found Unwimeb's General Store.
 31641 | Orc:2    | Bought a scroll of teleportation for 33 gold pieces
 31887 | Orc:2    | Bought a +4 ring of strength for 378 gold pieces
 31887 | Orc:2    | Bought an uncursed ring of protection from magic for 350 gold pieces
 31933 | Elf:1    | Entered Level 1 of the Elven Halls
 31938 | Elf:1    | Got a scorched long sword
 31942 | Orc:2    | Identified the cursed +0 long sword "Buhuisch" {pain, Int+4 Dex+3} (You found it on level 1 of the Elven Halls)
 32348 | D:12     | You fall through a shaft!
 32613 | Spider:1 | Entered Level 1 of the Spider Nest
 33823 | Elf:1    | Reached skill level 14 in Shields
 34280 | Elf:1    | Reached skill level 15 in Axes
 34858 | Elf:1    | Reached XP level 16. HP: 116/129 MP: 20/20
 35374 | Elf:1    | Identified the Collected Works on Arcane Weapons
 36192 | Elf:1    | Reached skill level 15 in Shields
 36712 | Elf:2    | Found a runed gate.
 37100 | Elf:2    | Found a runed gate.
 37153 | Elf:2    | Found a runed gate.
 39350 | Elf:2    | Gained mutation: You have an unnaturally thin skeletal structure. (Dex +6, Stealth++) [demonic ancestry]
 39350 | Elf:2    | Reached XP level 17. HP: 136/138 MP: 21/21
 40116 | Elf:2    | Reached skill level 16 in Shields
 40809 | Elf:3    | Entered Level 3 of the Elven Halls
 40918 | Elf:3    | Found Etoefig's Weapon Emporium.
 43126 | Elf:3    | Killed from afar by a deep elf high priest

Skill      XL: |  1  2  3  4  5  6  7  8  9 10 11 12 13 14 15 16 17 |
---------------+----------------------------------------------------+-----
Dodging        | 1 2 3 |  3.8
Axes           | 2 3 4 5 7 9 10 12 13 14 15 | 15.8
Armour         | 2 3 4 5 6 8 9 10 11 12 13 | 13.9
Fighting       | 4 5 6 7 8 9 10 11 12 13 14 | 14.2
Evocations     | 1 |  1.0
Stealth        | 1 2 3 |  3.8
Invocations    | 3 4 5 6 7 |  7.6
Shields        | 1 4 7 9 11 14 15 16 | 16.4
Throwing       | |  0.1

Action                   |  1- 3 |  4- 6 |  7- 9 | 10-12 | 13-15 | 16-18 || total
-------------------------+-------+-------+-------+-------+-------+-------++-------
Melee: Hand axe          |   141 |   248 |   275 |   797 |  2082 |   976 ||  4519
       Headbutt          |     6 |    35 |    51 |   207 |   623 |   268 ||  1190
       War axe           |       |       |       |       |    13 |       ||    13
Throw: Javelin           |       |       |       |       |       |     4 ||     4
Invok: Depart the Abyss  |     1 |       |       |       |       |       ||     1
       Banish            |       |       |       |     4 |     8 |     6 ||    18
       Bend Space        |       |       |       |     1 |       |       ||     1
 Abil: Evoke Berserk Rag |       |     1 |       |       |       |       ||     1
  Use: Scroll            |     7 |     3 |     5 |    15 |    20 |    10 ||    60
       Potion            |     3 |     1 |     3 |    13 |    15 |     2 ||    37
 Stab: Invisible         |       |       |       |       |     1 |     3 ||     4
       Distracted        |       |       |       |       |     1 |     2 ||     3
  Eat: Bread ration      |     1 |     1 |       |     1 |     3 |     2 ||     8
       Chunk             |       |     4 |    13 |    18 |    18 |    19 ||    72
       Fruit             |       |       |       |    11 |    34 |       ||    45
Armor: Ring mail         |    14 |       |       |       |       |       ||    14
       Plate armour      |   115 |   253 |   239 |   381 |   273 |   342 ||  1603
       Skin              |       |       |       |     4 |       |       ||     4
       Crystal plate arm |       |       |       |       |   610 |       ||   610
Dodge: Dodged            |    43 |    66 |   102 |   143 |   272 |   178 ||   804
Block: Shield            |       |       |       |   305 |       |       ||   305
       Buckler           |       |       |       |    51 |  1306 |   615 ||  1972
       Reflection        |       |       |       |       |   117 |    75 ||   192
